 Dungeon Crawl Stone Soup version 0.24.0-37-gcf1ca852f1 (webtiles) character file.

Game seed: 7339314224801924980, levelgen mode: deterministic

191 ReteAZ the Skirmisher (level 5, -3/35 HPs)
             Began as a Gargoyle Fighter on Dec 8, 2019.
             Killed by nerve-wracking pain
             ... invoked by a shadow imp
             ... summoned by Natasha
              (5 damage)
             ... on level 3 of the Dungeon.
             The game lasted 00:02:44 (2116 turns).

ReteAZ the Skirmisher (Gargoyle Fighter)            Turns: 2116, Time: 00:02:45

Health: -3/35      AC: 10    Str: 21    XL:     5   Next: 70%
Magic:  5/5        EV:  7    Int: 11    God:
Gold:   205        SH:  9    Dex:  9    Spells: 4/4 levels left

rFire    . . .     SeeInvis .   a - +0 flail
rCold    . . .     Gourm    .   c - +0 shield
rNeg     + . .     Faith    .   b - +0 scale mail
rPois    ∞         Spirit   .   (no helmet)
rElec    +         Reflect  .   (no cloak)
rCorr    .         Harm     .   (no gloves)
MR       .....                  (no boots)
Stlth    ..........             (no amulet)
HPRegen  0.11/turn              m - +3 ring of intelligence
MPRegen  0.09/turn              (no ring)

@: no status effects
A: negative energy resistance 1, electricity resistance, unbreathing,
petrification resistance, rot immunity, AC +4
a: no special abilities


You were on level 3 of the Dungeon.
You were not hungry.

You visited 1 branch of the dungeon, and saw 3 of its levels.

You collected 205 gold pieces.

Inventory:

Hand Weapons
 a - a +0 flail (weapon)
Armour
 b - a +0 scale mail (worn)
 c - a +0 shield (worn)
Jewellery
 m - a +3 ring of intelligence (left hand)
Scrolls
 e - 3 scrolls of teleportation {unknown}
 g - 6 scrolls of identify {unknown}
 i - a scroll of magic mapping {unknown}
 j - 2 scrolls of remove curse {unknown}
 k - 2 scrolls of fear {unknown}
 n - a scroll of enchant weapon {unknown}
Potions
 d - a potion of might
 h - a potion of degeneration {unknown}
Comestibles
 f - 9 rations
 l - 5 chunks of flesh


   Skills:
 + Level 5.3 Fighting
 + Level 4.2 Maces & Flails
 - Level 3.2 Armour
 - Level 3.2 Shields


You had 4 spell levels left.
You didn't know any spells.
Your spell library contained the following spells:

 Spells                   Type           Power        Failure   Level  Hunger
 Corona                   Hex            #......      99%         1    ##.....
 Ensorcelled Hibernation  Hex/Ice        #.....       100%        2    ###....
 Confuse                  Hex            #.......     100%        3    ####...
 Dazzling Spray           Conj/Hex       #.....       100%        3    ####...
 Tukima's Dance           Hex            #.......     100%        3    ####...


Dungeon Overview and Level Annotations

Branches:
Dungeon (3/15)

Altars:
Elyvilon

Annotations:
D:3 Natasha


Innate Abilities, Weirdness & Mutations

You are resistant to torment.
Your stone body is resilient. (AC +4)
You are immune to poison.
You resist negative energy. (rN+)
You are resistant to electric shocks. (rElec)
You can survive without breathing.
You are immune to petrification.
You are immune to rotting.


Message History

The shadow imp hits you but does no damage.
Natasha claws you.
* * * LOW HITPOINT WARNING * * *
You hit Natasha but do no damage.
Natasha is lightly wounded.
You block the shadow imp's attack. Natasha claws you but does no damage.
The crimson imp hits you but does no damage.
You closely miss Natasha.
Natasha is lightly wounded.
The shadow imp gestures at you. Pain shoots through your body!
* * * LOW HITPOINT WARNING * * *
Natasha claws you but does no damage.
The crimson imp blinks!
You hit Natasha.
Natasha is heavily wounded.
The shadow imp hits you but does no damage.
You block Natasha's attack. Natasha claws you but does no damage.
The shadow imp gestures at you. Pain shoots through your body!
You die...

....##########
#.^..##...###..##. ....#
#....###### ##.## ....#
#....### #.##. .####
#<..... ..... ## ##..5###
...## # ♣♣♣ #.....# # ♣♣
♣♣♣.♣♣♣ ♣♣.....# .♣♣
♣♣..)..♣♣ ♣♣..†...#
..♣♣♣.......♣♣♣.@.)...#.
...♣...≈≈≈...♣.h5≈)≈......
≈.....≈≈≈≈≈.....≈≈≈≈≈..###
≈.....≈≈_≈≈.....≈≈♣≈≈....
≈.....≈≈≈≈≈.....≈≈≈≈≈..#..
(..♣...≈≈≈...♣...≈≈≈...#..
.
..♣♣♣.......♣♣♣..........
. .♣♣ ♣♣.....♣♣
♣♣......... ♣♣ ♣♣♣.♣♣♣
♣♣##....


You could see Natasha, a crimson imp and a shadow imp.

Vanquished Creatures
  An orc priest (D:3)
  Natasha (twice) (D:3)
  4 adders
  An ooze (D:1)
  2 dart slugs (D:2)
  2 worms (D:2)
  A leopard gecko (D:1)
  4 orcs (D:3)
  A ball python (D:2)
  8 bats
  2 giant cockroaches
  4 goblins
  5 hobgoblins
  3 jackals (D:1)
  8 frilled lizards
  6 kobolds
  8 rats
62 creatures vanquished.

Notes
Turn   | Place    | Note
-------+----------+-------------------------------------------
     0 | D:1      | ReteAZ the Gargoyle Fighter began the quest for the Orb.
     0 | D:1      | Reached XP level 1. HP: 14/14 MP: 1/1
    86 | D:1      | Reached XP level 2. HP: 10/19 MP: 2/2
   803 | D:2      | Reached XP level 3. HP: 23/24 MP: 3/3
   838 | D:2      | Reached skill level 4 in Fighting
  1157 | D:2      | Reached XP level 4. HP: 24/30 MP: 4/4
  2021 | D:3      | Noticed Natasha
  2030 | D:3      | Killed Natasha
  2030 | D:3      | Reached XP level 5. HP: 27/34 MP: 5/5
  2059 | D:3      | Reached skill level 5 in Fighting
  2066 | D:3      | Found a white marble altar of Elyvilon.
  2082 | D:3      | Noticed Natasha
  2094 | D:3      | Killed Natasha
  2103 | D:3      | Noticed Natasha
  2116 | D:3      | Killed from afar by a shadow imp

Levels and vault maps discovered:
D:1:      giann_forest_graveyard, layout_basic
D:2:      layout_basic, minmay_crystal_water
D:3:      layout_basic, elyvilon_altar_3, uniq_natasha

Skill      XL: |  1  2  3  4  5 |
---------------+----------------+-----
Fighting       | 4 5 |  5.3
Maces & Flails | 3 4 |  4.2
Armour         | |  3.2
Shields        | |  3.2

Action                   |  1- 3 |  4- 6 || total
-------------------------+-------+-------++-------
Melee: Flail             |   144 |    83 ||   227
  Eat: Chunk             |     1 |     3 ||     4
Armor: Scale mail        |   101 |    52 ||   153
Dodge: Dodged            |    58 |    33 ||    91
Block: Shield            |    75 |    59 ||   134
